Map: [ESL] Goldenaura

Players

Silky

  • Race: Zerg Zerg
  • Spawn Location: 12:00

Oriana - Winner!

  • Race: Terran Terran
  • Spawn Location: 5:00

Event: ESL SC2 Masters 2023 Winter (Regional)

VOD

Have the link to the VOD?

Description

Time

  • Played on: Nov. 2, 2023, 7:12 a.m.
  • Length: 10:50

All games in this series

Show
View Real Time Build Order
Export as new Build Order

Silky Zerg 

Build Orders: Hatch First 

Get SALT Encoding   

  12  0:00  Drone  
  13  0:12  Overlord  
  13  0:17  Drone  
  14  0:30  Drone x2  
  16  0:48  Hatchery  
  15  0:51  Drone  
  15  0:55  Drone  
  17  0:57  Drone  
  18  1:05  Extractor  
  17  1:13  Spawning Pool  
  16  1:20  Drone x2  
  18  1:28  Drone  
  19  1:40  Drone  
  20  1:49  Drone  
  21  1:59  Queen x2  
  21  2:00  Zergling x2  
  21  2:01  Zergling x2  
  27  2:07  Metabolic Boost  
  27  2:11  Overlord  
  27  2:12  Drone  
  28  2:31  Hatchery  
  26  2:39  Drone x4  
  30  2:45  Queen  
  30  2:49  Drone  
  33  2:53  Overlord  
  33  2:55  Drone  
  35  2:58  Drone  
  35  3:05  Overlord  
  35  3:15  Drone x3  
  35  3:16  Zergling x4  
  40  3:20  Queen  
  40  3:24  Queen  
  40  3:25  Drone  
  45  3:27  Zergling x2  
  45  3:33  Drone  
  47  3:36  Drone  
  48  3:43  Drone  
  48  3:46  Zergling x2  
  48  3:48  Queen  
  50  3:49  Zergling x2  
  50  3:54  Overlord  
  50  3:55  Zergling x2  
  54  3:56  Drone x2  
  54  4:00  Overlord  
  54  4:01  Drone  
  57  4:04  Overlord  
  57  4:08  Overlord  
  57  4:12  Queen  
  60  4:17  Drone x2  
  60  4:18  Lair  
  61  4:24  Zergling x4  
  61  4:26  Drone x3  
  66  4:32  Drone x5  
  66  4:35  Overlord  
  66  4:36  Drone  
  66  4:37  Drone  
  73  4:40  Drone  
  73  4:44  Drone  
  75  4:46  Spore Crawler  
  75  4:47  Spore Crawler  
  75  4:48  Spore Crawler  
  75  4:51  Spore Crawler  
  75  4:52  Zergling x4  
  73  4:59  Drone  
  76  5:00  Drone x5  
  78  5:08  Drone x6  
  78  5:09  Baneling Nest  
  78  5:12  Extractor  
  82  5:20  Drone, Hatchery  
  82  5:21  Drone, Extractor  
  83  5:25  Overseer, Evolution Chamber  
  83  5:27  Evolution Chamber  
  80  5:28  Overseer  
  80  5:31  Zergling x8  
  80  5:34  Overlord  
  84  5:40  Overlord x2  
  84  5:42  Drone  
  85  5:43  Zergling x8  
  85  5:46  Overlord  
  89  5:53  Zerg Ground Armor Level 1  
  89  5:55  Drone  
  89  5:56  Drone x4  
  94  5:57  Drone  
  94  6:02  Overseer  
  92  6:09  Zerg Melee Weapons Level 1  
  92  6:10  Drone x9  
  100  6:15  Drone x3  
  102  6:25  Zergling x6  
  97  6:30  Centrifugal Hooks  
  93  6:34  Drone x3  
  93  6:35  Hatchery  
  95  6:41  Zergling x2  
  95  6:42  Zergling x4  
  98  6:47  Zergling x14  
  98  6:48  Zergling x6  
  98  6:49  Baneling x6  
  98  6:50  Baneling  
  98  6:51  Baneling  
  98  6:52  Zergling x2  
  109  6:57  Zergling x4  
  109  6:58  Baneling x3  
  111  7:09  Overlord x3  
  110  7:21  Zergling x12  
  102  7:27  Zergling x2  
  102  7:28  Zergling x16  
  99  7:37  Hatchery  
  99  7:38  Drone x4  
  101  7:53  Drone x8  
  101  7:55  Zergling x12  
  115  7:59  Drone x2  
  115  8:02  Zerg Ground Armor Level 2  
  115  8:03  Extractor x2  
  115  8:04  Zergling x4  
  117  8:11  Zerg Melee Weapons Level 2  
  117  8:13  Zergling x20  
  117  8:17  Baneling  
  117  8:19  Zergling x2  
  128  8:20  Zergling x12  
  128  8:22  Drone  
  128  8:23  Drone  
  136  8:28  Baneling  
  136  8:29  Baneling x2  
  136  8:32  Zergling x10  
  141  8:38  Baneling x4  
  136  8:43  Hatchery  
  114  8:49  Zergling x10  
  114  8:54  Zergling x16  
  112  8:59  Baneling x8  
  112  9:00  Zergling x2  
  112  9:01  Zergling x8  
  117  9:09  Zergling x8  
  117  9:10  Zergling x6  
  117  9:13  Baneling x7  
  117  9:15  Zergling x12  
  123  9:22  Zergling x2  
  123  9:23  Zergling x4  
  125  9:26  Baneling x5  
  125  9:30  Zergling x4  
  124  9:35  Zergling x4  
  124  9:36  Overlord x3  
  124  9:40  Baneling x6  
  124  9:48  Hatchery  
  124  9:49  Overlord  
  123  9:54  Zergling x16  
  123  9:55  Infestation Pit  
  123  9:58  Overseer x2  
  128  10:10  Drone x10  
  128  10:11  Drone  
  128  10:13  Hatchery  
  138  10:18  Zergling x10  
  139  10:26  Zergling x12  
  139  10:27  Zergling x2  
  121  10:31  Zergling x2  
  121  10:32  Zergling x8  
Show
View Real Time Build Order
Export as new Build Order

Oriana Terran - Winner!

Build Orders: Reaper Expand, Hellion Banshee 

Get SALT Encoding   

  12  0:00  SCV  
  13  0:12  SCV  
  14  0:17  Supply Depot  
  14  0:25  SCV  
  15  0:39  SCV  
  15  0:40  Barracks  
  16  0:43  Refinery  
  16  0:51  SCV  
  17  1:03  SCV  
  18  1:15  SCV  
  19  1:27  Orbital Command, Reaper  
  20  1:41  Command Center  
  20  1:48  Supply Depot  
  20  1:52  SCV  
  21  1:59  Marine  
  22  2:05  SCV  
  23  2:12  Factory  
  23  2:17  SCV  
  23  2:20  Barracks Reactor  
  24  2:29  SCV  
  25  2:41  SCV  
  25  2:42  Command Center  
  26  2:53  Orbital Command  
  26  2:55  SCV  
  27  2:59  Starport  
  27  3:07  SCV, Refinery  
  28  3:20  Hellion x2  
  28  3:23  SCV x2  
  28  3:24  Barracks Tech Lab  
  34  3:35  SCV x2  
  36  3:42  Hellion x2  
  36  3:47  Banshee  
  43  3:48  SCV  
  43  3:49  SCV  
  43  3:51  Marine  
  43  3:54  Orbital Command  
  43  3:55  Cloaking Field  
  46  4:01  SCV x2  
  48  4:04  Supply Depot  
  48  4:14  Hellion x2, Barracks Tech Lab  
  48  4:16  SCV x2  
  54  4:27  SCV, Supply Depot  
  54  4:29  SCV  
  54  4:30  Banshee, SCV  
  60  4:34  Marine  
  61  4:42  Barracks, SCV x2  
  61  4:43  Stimpack, SCV  
  61  4:44  Barracks  
  64  4:49  Factory Reactor  
  64  4:52  Marine  
  65  4:55  Refinery x2  
  65  4:59  SCV, Supply Depot, Engineering Bay  
  65  5:00  Engineering Bay  
  65  5:01  SCV  
  65  5:09  Marine  
  65  5:12  Orbital Command  
  66  5:14  SCV x2  
  68  5:25  Supply Depot  
  68  5:26  Starport Reactor, SCV  
  69  5:29  Marine x3  
  69  5:32  Barracks  
  69  5:33  SCV  
  69  5:35  Barracks  
  73  5:36  Siege Tank  
  73  5:37  Marine x2  
  73  5:38  SCV  
  73  5:41  SCV  
  80  5:45  Terran Infantry Weapons Level 1, SCV  
  80  5:48  Supply Depot  
  80  5:49  Terran Infantry Armor Level 1  
  81  5:50  SCV  
  81  5:51  Marine x3  
  81  5:53  SCV  
  81  5:55  Marine  
  87  5:57  SCV  
  87  5:58  Marine  
  87  6:02  SCV  
  90  6:05  SCV  
  90  6:07  Medivac  
  90  6:09  Medivac, Marine, Supply Depot  
  90  6:10  SCV  
  90  6:11  Supply Depot  
  97  6:12  Marine x2  
  97  6:13  Marine  
  97  6:15  SCV  
  101  6:22  Siege Tank, SCV x2  
  98  6:27  SCV  
  98  6:32  Marine x3  
  94  6:33  Combat Shield, Barracks Reactor x2  
  94  6:34  SCV x2  
  94  6:35  Supply Depot  
  94  6:36  Supply Depot  
  94  6:39  Marine x2, SCV  
  102  6:46  SCV, Refinery  
  103  6:47  Medivac x2  
  103  6:51  Marine x3  
  103  6:54  Supply Depot  
  110  6:57  Marine  
  110  6:58  SCV x2  
  110  6:59  Marine, Supply Depot, SCV, Armory  
  115  7:02  Widow Mine  
  117  7:09  Marine  
  117  7:12  Marine  
  117  7:13  Factory  
  119  7:16  Marine x3  
  119  7:17  Marine x4  
  126  7:23  Medivac x2  
  126  7:24  SCV x3  
  126  7:25  Supply Depot  
  132  7:37  Marine x8  
  126  7:38  Widow Mine, Marine  
  126  7:41  SCV x3  
  134  7:46  Command Center  
  134  7:51  Terran Infantry Weapons Level 2  
  134  7:54  Marine  
  134  7:55  Marine x2  
  137  7:59  Supply Depot, Drilling Claws  
  137  8:00  Terran Infantry Armor Level 2  
  137  8:02  Factory Reactor, Marine x6  
  143  8:10  Supply Depot  
  143  8:11  Widow Mine  
  143  8:12  Marine  
  145  8:15  Marine x2  
  145  8:18  Barracks  
  145  8:19  Marine  
  148  8:20  Barracks  
  148  8:22  Barracks  
  148  8:23  Marine  
  148  8:24  Marine x4  
  148  8:25  Supply Depot  
  154  8:31  Marine  
  154  8:33  Marine x2  
  157  8:37  Marine  
  158  8:41  Marine x2  
  158  8:44  Marine x3  
  160  8:49  Marine  
  160  8:50  Widow Mine x3  
  160  8:51  Marine x2  
  155  8:56  SCV x3  
  155  8:57  Marine  
  155  8:58  Medivac x2  
  155  8:59  Marine  
  164  9:06  Marine x2  
  164  9:07  Barracks Tech Lab x2  
  164  9:08  SCV x2  
  156  9:11  Barracks Tech Lab, Marine x3  
  156  9:12  Marine x2  
  156  9:16  Widow Mine x3  
  166  9:23  Marine x2  
  166  9:24  Planetary Fortress, Marine, Supply Depot  
  166  9:25  Marine x2  
  166  9:27  Marauder  
  166  9:31  Marauder  
  173  9:33  Command Center  
  173  9:34  Concussive Shells  
  176  9:39  Marine x2  
  176  9:40  Marine  
  176  9:41  Marine, Marauder  
  176  9:44  Marauder  
  181  9:49  Marauder  
  181  9:52  Marauder  
  185  9:54  Command Center, Medivac, Widow Mine x2  
  185  9:58  Marine x2  
  185  9:59  Marine x3  
  196  10:00  Sensor Tower  
  196  10:02  Marauder, Marine x2  
  200  10:10  Refinery  
  200  10:11  Refinery  
  200  10:23  Marine x4  
  200  10:27  Marine x3  
  173  10:28  Marine  
  173  10:29  Marine x2  
  166  10:41  Factory  
Tags
 
Add a new tag
Caveats
  • Supply blocks, unpowered buildings, or Contaminate may cause inaccurate times.
  • Supply counts are checked every 10 seconds.